 Dungeon Crawl Stone Soup version 0.31-a0-152-g6aa68a64a1 (webtiles) character file.

Game seed: 1980859670934280027

44783 Elmgren the Warrior (level 13, -6/132 HPs)
             Began as a Minotaur Berserker on June 9, 2023.
             Was a High Priest of Trog.
             Mangled by a culicivora (10 damage)
             ... on level 1 of the Spider Nest.
             The game lasted 01:20:57 (25547 turns).

Elmgren the Warrior (Minotaur Berserker)           Turns: 25547, Time: 01:20:57

Health: -6/132     AC: 29    Str: 32    XL:     13   Next: 98%
Magic:  12/12      EV:  8    Int:  5    God:    Trog [*****.]
Gold:   1646       SH: 11    Dex: 10    Spells: 12/12 levels left

rFire   + . .        k - +9 rapier of the Coward {drain, rN++ Str+5 Int-5}
rCold   + . .        x - +0 kite shield
rNeg    + + .        B - +2 plate armour {rF+}
rPois   +            (helmet restricted)
rElec   .            q - +0 cloak
rCorr   .            w - +1 pair of gloves
SInv    .            b - +4 pair of boots of Negation {rPois rC+}
Will    .....        n - amulet of reflection Stlth
                     F - +4 ring of slaying
HPRegen 0.42/turn    f - +6 ring of intelligence
MPRegen 0.13/turn

%: reflection
@: marked, spiked, on berserk cooldown, slowed, studying Stealth, very slow
A: horns 2, retaliatory headbutt
a: Renounce Religion, Berserk, Trog's Hand, Brothers in Arms


You were on level 1 of the Spider Nest.
You worshipped Trog.
Trog was extremely pleased with you.
You visited 7 branches of the dungeon, and saw 21 of its levels.

You collected 1646 gold pieces.

Inventory:

Hand Weapons
 d - the +2 spear "Jaury" {flame, rElec rPois SInv}
   (You found it on level 4 of the Dungeon)

   rElec:     It insulates you from electricity.
   rPois:     It protects you from poison.
   SInv:      It lets you see invisible.
 k - the +9 rapier of the Coward (weapon) {drain, rN++ Str+5 Int-5}
   (You found it on level 3 of the Dungeon)

   Str:       It affects your strength (+5).
   Int:       It affects your intelligence (-5).
   rN:        It greatly protects you from negative energy.
 M - the +12 trident "Dragon's Death" {freeze, rElec rN+ Dex-4}
   (You took it off a spriggan on level 10 of the Dungeon)

   Dex:       It affects your dexterity (-4).
   rElec:     It insulates you from electricity.
   rN:        It protects you from negative energy.
Missiles
 i - 2 throwing nets
Armour
 b - the +4 pair of boots of Negation (worn) {rPois rC+}
   (You acquired it on level 10 of the Dungeon)

   rC:        It protects you from cold.
   rPois:     It protects you from poison.
 q - a +0 cloak (worn)
 w - a +1 pair of gloves (worn)
 x - a +0 kite shield (worn)
 B - a +2 plate armour of fire resistance (worn)
 U - a scarf of resistance
Jewellery
 f - a +6 ring of intelligence (right hand)
 j - a ring of ice
 n - an amulet of reflection (around neck)
 p - an amulet of the acrobat
 t - a ring of resist corrosion
 v - a ring of see invisible
 F - a +4 ring of slaying (left hand)
 Q - a ring of fire
 R - a ring of willpower
Wands
 l - a wand of mindburst (11)
 r - a wand of paralysis (14)
 A - a wand of digging (1)
 C - a wand of quicksilver (5)
 E - a wand of flame (9)
 G - a wand of iceblast (9)
 L - a wand of polymorph (3)
Scrolls
 e - 9 scrolls of teleportation
 o - 2 scrolls of amnesia
 s - 4 scrolls of fear
 y - a scroll of magic mapping
 z - 4 scrolls of immolation
 I - a scroll of noise
 J - a scroll of fog
 K - 2 scrolls of silence
 N - a scroll of butterflies
 T - 2 scrolls of enchant weapon
 V - a scroll of torment {unknown}
Potions
 a - 6 potions of heal wounds
 c - 5 potions of lignification
 g - 11 potions of curing
 h - 2 potions of mutation
 m - 2 potions of cancellation
 u - a potion of might
 D - 2 potions of berserk rage
 H - 2 potions of enlightenment
 O - 2 potions of attraction
 S - a potion of haste {unknown}


   Skills:
 + Level 17.2 Fighting
 + Level 15.2 Short Blades
 - Level 4.1 Axes
 + Level 16.8 Armour
 - Level 2.1 Dodging


You had 12 spell levels left.
You didn't know any spells.
Your spell library was empty.

Dungeon Overview and Level Annotations

Branches:
Dungeon (13/15) Zot: 25124  Temple (1/1) D:7 Zot: 5895    Lair (2/5) D:10 Zot: 8176
  Swamp (1/4) Lair:2 Zot: 5998  Spider (1/4) Lair:2 Zot: 5724     Orc (2/2) D:11 Zot: 9900
    Elf (1/3) Orc:2 Zot: 5993  Vaults (0/5) D:13

Altars:
Ashenzari
Cheibriados
Dithmenos
Elyvilon
Fedhas
Gozag
Hepliaklqana
Kikubaaqudgha
Makhleb
Nemelex Xobeh
Okawaru
Qazlal
Ru
Sif Muna
Trog
Uskayaw
Vehumet
Wu Jian
Xom
Yredelemnul
Zin
The Shining One

Shops:
D:13 [   Orc:2 [=(!*=***[

Portals:
Trove: D:12 (give +5 fire dragon scales)

Annotations:
D:3 2 transporters


Innate Abilities, Weirdness & Mutations

You have a pair of horns on your head.
You reflexively headbutt those who attack you in melee.


Message History

You block the steelbarb worm's attack.
A tarantella comes into view.
The wolf spider attacks as you move away!
You block the wolf spider's attack. x2
The steelbarb worm attacks as you move away!
You block the steelbarb worm's attack.
You feel your anger nearly subside.
You are no longer berserk.
You are exhausted.
You feel yourself slow down. The wolf spider hits you.
* * * LOW HITPOINT WARNING * * *
You block the wolf spider's attack. You block the wolf spider's attack.
The wolf spider bites you but does no damage.
The steelbarb worm closely misses you. You furiously retaliate!
You headbutt the steelbarb worm! The steelbarb worm hits you.
* * * LOW HITPOINT WARNING * * *
Barbed spikes become lodged in your body.
The wolf spider hits you but does no damage.
The wolf spider bites you.
* * * LOW HITPOINT WARNING * * *
The steelbarb worm hits you but does no damage.
A tarantella comes into view.
As you read the scroll of fog, it crumbles to dust.
The scroll dissolves into smoke.
You block the wolf spider's attack.
The wolf spider bites you but does no damage.
The steelbarb worm closely misses you. You block the wolf spider's attack.
The wolf spider barely misses you. The steelbarb worm hits you.
* * * LOW HITPOINT WARNING * * *
Barbed spikes become lodged in your body.
The wolf spider hits you!
* * * LOW HITPOINT WARNING * * *
You block the wolf spider's attack.
The moth of wrath goads the culicivora on!
The culicivora goes berserk!
The moth of wrath goads the tarantella on!
The tarantella goes berserk!
The steelbarb worm hits you!
* * * LOW HITPOINT WARNING * * *
Barbed spikes become lodged in your body.
The culicivora bites you!
You die...

## ##..~.... .......y....... #.#
##...##.. .........^.....
##..##.....#~########≈##........
~..............................
..............................
#................s.....^..#.>
#.........§..s.....#..^...#..
#...###....§sws^.†.#..#...# .
#~##~......§@sw....~..#...# #
#..<.....§§sy....#.##...#
#≈#......§§.......~## ..~
##~................#...
###............^..~...
###..^...........#...
##.#≈####.......(.~...
#≈...........#...#~.^.
#~#..........#...~....


You could see 2 steelbarb worms, 3 wolf spiders, a moth of wrath, a culicivora
(berserk) and 2 tarantellas.

Vanquished Creatures
  An emperor scorpion (Lair:2)
  An ironbound preserver (D:13)
  A spark wasp (Spider:1)
  The ghost of zx48k the Blocker, a journeyman GnFi of Okawaru (D:10)
  2 hydras
  2 centaur warriors
  2 boulder beetles (D:11)
  2 two-headed ogres
  3 orc high priests (Orc:2)
  Nergalle (D:10)
  A skyshark (Lair:2)
  2 pharaoh ants (Lair:2)
  2 bog bodies (Lair:2)
  5 orc knights
  A wolf spider (Spider:1)
  2 ugly things
  3 manticores
  5 orc sorcerers
  A mana viper (shapeshifter) (D:13)
  3 cyclopes
  2 black mambas (Lair:2)
  6 elephants
  4 cane toads
  A rime drake (Lair:2)
  A kobold demonologist (D:11)
  4 komodo dragons
  3 trolls
  3 meliai (Lair:2)
  A hornet (D:9)
  2 tarantellas
  A shadow (D:11)
  7 slime creatures (D:13)
  4 culicivoras (Spider:1)
  7 jumping spiders
  Sigmund (D:4)
  2 wraiths
  13 yaks
  A vampire (D:9)
  2 spriggans (D:10)
  2 basilisks
  5 steam dragons
  5 redbacks
  A vampire mosquito (D:13)
  3 wargs
  A swamp worm (Lair:2)
  9 water moccasins
  6 acid dragons
  5 black bears
  17 orc warriors
  7 ogres
  An ogre (shapeshifter) (D:13)
  4 wolves (Lair:2)
  9 centaurs
  4 kobold brigands (D:11)
  10 bullfrogs
  4 gnoll sergeants
  4 scorpions
  3 wights (D:9)
  3 killer bees (D:10)
  An electric eel (Lair:2)
  11 orc priests
  3 hounds
  3 jellies
  A gnoll bouda (D:7)
  A sleepcap (D:4)
  3 iguanas
  Natasha (thrice) (D:3)
  13 orc wizards
  5 hell rats (Lair:1)
  17 gnolls
  6 adders
  2 shadow imps
  A white imp (D:8)
  A worm (D:3)
  A dart slug (D:4)
  61 orcs
  6 bats
  5 endoplasms
  3 giant cockroaches
  8 goblins
  3 hobgoblins
  3 jackals (D:2)
  2 quokkas
  4 ball pythons
  4 frilled lizards
  11 kobolds
  3 rats (D:3)
394 creatures vanquished.

Vanquished Creatures (others)
  2 gnolls (D:7)
2 creatures vanquished.

Grand Total: 396 creatures vanquished

Notes
Turn   | Place    | Note
-------+----------+-------------------------------------------
     0 | D:1      | Elmgren the Minotaur Berserker began the quest for the Orb.
     0 | D:1      | Reached XP level 1. HP: 19/19 MP: 0/0
   404 | D:1      | Reached XP level 2. HP: 27/27 MP: 1/1
   469 | D:1      | You fall into a shaft and drop 1 floor!
   475 | D:2      | Identified the +2 quarterstaff "Deraniunaq" {pain, *Slow
                  | rF+ Int+4}
   861 | D:2      | Reached skill level 4 in Fighting
  1091 | D:2      | Found a shimmering blue altar of Sif Muna.
  1469 | D:2      | Reached XP level 3. HP: 33/33 MP: 2/2
  1797 | D:3      | Found a sacrificial altar of Ru.
  1805 | D:3      | Identified the +9 rapier of the Coward {drain, rN++ Str+5
                  | Int-5}
  1819 | D:3      | Noticed Natasha
  1821 | D:3      | Killed Natasha
  1837 | D:3      | Reached skill level 1 in Short Blades
  1978 | D:3      | Reached XP level 4. HP: 41/41 MP: 3/3
  2058 | D:3      | Reached ** piety under Trog
  2105 | D:3      | Noticed Natasha
  2112 | D:3      | Killed Natasha
  2219 | D:3      | Noticed Natasha
  2228 | D:3      | Killed Natasha
  2229 | D:3      | Reached skill level 5 in Fighting
  2229 | D:3      | Reached XP level 5. HP: 37/48 MP: 4/4
  2624 | D:3      | Found a transporter.
  2630 | D:3      | Found a transporter.
  2929 | D:4      | Identified the +2 spear "Jaury" {flame, rElec rPois SInv}
  2989 | D:4      | Found a shimmering altar of Xom.
  2989 | D:4      | Found a shimmering altar of Xom.
  2997 | D:4      | Found a shimmering altar of Xom.
  2997 | D:4      | Found a shimmering altar of Xom.
  2998 | D:4      | Found a shimmering altar of Xom.
  3029 | D:4      | Noticed a black bear
  3036 | D:4      | Killed a black bear
  3037 | D:4      | Reached XP level 6. HP: 54/56 MP: 5/5
  3065 | D:4      | Reached skill level 5 in Armour
  3067 | D:4      | Reached skill level 6 in Fighting
  3243 | D:4      | Reached XP level 7. HP: 63/63 MP: 6/6
  3247 | D:4      | Identified the +3 scale mail "Fiagoro" {Str+2 Dex+5 Slay-2}
  3250 | D:4      | Noticed Sigmund
  3302 | D:4      | Killed Sigmund
  3694 | D:5      | Entered Level 5 of the Dungeon
  3926 | D:5      | Reached skill level 7 in Fighting
  4003 | D:5      | Reached skill level 5 in Short Blades
  4404 | D:5      | Reached XP level 8. HP: 41/73 MP: 7/7
  5750 | D:6      | Reached skill level 8 in Fighting
  5965 | D:6      | Found a snail-covered altar of Cheibriados.
  6220 | D:6      | Found a glowing golden altar of the Shining One.
  6892 | D:7      | Found a burning altar of Makhleb.
  6952 | D:7      | Reached *** piety under Trog
  7061 | D:7      | Reached skill level 9 in Fighting
  7061 | D:7      | Reached XP level 9. HP: 78/83 MP: 8/8
  7229 | D:7      | Found a stormy altar of Qazlal.
  7260 | D:7      | Found a staircase to the Ecumenical Temple.
  7392 | Temple   | Entered the Ecumenical Temple
  9567 | D:8      | Reached skill level 10 in Fighting
  9979 | D:9      | Lost intelligence.
 10188 | D:9      | Paralysed by a hornet for 1 turns
 10640 | D:9      | Reached skill level 10 in Armour
 10875 | D:10     | Entered Level 10 of the Dungeon
 10935 | D:10     | Found a staircase to the Lair.
 10936 | D:10     | Noticed a komodo dragon
 10967 | D:9      | Killed a komodo dragon
 11273 | D:10     | Noticed Nergalle
 11284 | D:10     | Reached XP level 10. HP: 94/94 MP: 9/9
 11303 | D:10     | Killed Nergalle
 11304 | D:10     | Reached skill level 11 in Fighting
 11396 | D:10     | Noticed a two-headed ogre
 11424 | D:10     | Killed a two-headed ogre
 11515 | D:10     | Found a runed translucent door.
 11515 | D:10     | Identified the +12 trident "Dragon's Death" {freeze, rElec
                  | rN+ Dex-4}
 11515 | D:10     | Noticed zx48k's ghost (journeyman GnFi)
 13057 | D:10     | Killed zx48k's ghost
 13537 | D:10     | Reached skill level 10 in Short Blades
 13647 | D:11     | Reached skill level 12 in Fighting
 13675 | D:11     | Noticed a cyclops
 13692 | D:11     | Killed a cyclops
 13832 | D:11     | Noticed a two-headed ogre
 13844 | D:11     | Killed a two-headed ogre
 13845 | D:11     | Reached XP level 11. HP: 105/105 MP: 10/10
 14211 | D:11     | Found a staircase to the Orcish Mines.
 14224 | D:11     | Reached **** piety under Trog
 14560 | D:10     | Identified a scroll of acquirement
 14568 | D:10     | Acquired the +4 pair of boots of Negation {rPois rC+}
 15287 | D:11     | Noticed a boulder beetle
 15295 | D:11     | Killed a boulder beetle
 15333 | D:11     | Noticed a boulder beetle
 15339 | D:11     | Killed a boulder beetle
 15340 | D:11     | Reached skill level 13 in Fighting
 15534 | Orc:1    | Entered Level 1 of the Orcish Mines
 15534 | Orc:1    | Noticed an orc sorcerer
 15539 | Orc:1    | Noticed a soul eater
 16075 | D:11     | Killed an orc sorcerer
 16152 | Orc:2    | Entered Level 2 of the Orcish Mines
 16439 | Orc:2    | Found Toczimm's General Store.
 16446 | Orc:2    | Found Fysiulen's General Store.
 16458 | Orc:2    | Found Moebbay's Jewellery Shop.
 16527 | Orc:2    | Noticed an orc knight
 16580 | D:11     | Killed an orc knight
 16811 | Orc:2    | Noticed an orc sorcerer
 16812 | Orc:2    | Noticed an orc knight
 16830 | Orc:2    | Noticed a sixfirhy
 16997 | D:11     | Killed an orc knight
 17082 | Orc:2    | Paralysed by an orc sorcerer for 4 turns
 17091 | Orc:1    | Paralysed by an orc sorcerer for 3 turns
 17104 | D:11     | Killed an orc sorcerer
 17229 | Orc:2    | Noticed an orc sorcerer
 17235 | Orc:2    | Killed an orc sorcerer
 17241 | Orc:2    | Noticed an orc high priest
 17248 | Orc:2    | Noticed an orc sorcerer
 17251 | Orc:2    | Killed an orc high priest
 17258 | Orc:2    | Paralysed by an orc sorcerer for 2 turns
 17261 | Orc:2    | Killed an orc sorcerer
 17261 | Orc:2    | Reached ***** piety under Trog
 17262 | Orc:2    | Reached skill level 14 in Fighting
 17268 | Orc:2    | Reached XP level 12. HP: 101/117 MP: 11/11
 17278 | Orc:2    | Noticed an orc high priest
 17296 | Orc:2    | Killed an orc high priest
 17375 | Orc:2    | Noticed an orc high priest
 17384 | Orc:2    | Killed an orc high priest
 17397 | Orc:2    | Found Affy's Assorted Antiques.
 17397 | Orc:2    | Found Zupudd's Jewellery Shop.
 17934 | Orc:2    | Found Iriutsawn's Distillery.
 17934 | Orc:2    | Found Reor Ret's Antique Weapon Emporium.
 18112 | Orc:2    | Found Netremnu's Needful Niceties.
 18126 | Orc:2    | Found a staircase to the Elven Halls.
 18199 | Orc:2    | Found Lexept's Armour Emporium.
 18289 | Orc:2    | Found Amozizy's Antique Armour Shop.
 18444 | Lair:1   | Entered Level 1 of the Lair of Beasts
 18620 | D:12     | Found a portal to a secret trove of treasure.
 18761 | D:12     | Noticed a centaur warrior
 18772 | D:12     | Killed a centaur warrior
 18918 | D:12     | Reached skill level 15 in Fighting
 19379 | D:13     | Noticed a seven-headed hydra
 19386 | D:13     | Killed a seven-headed hydra
 19416 | D:13     | Found a gate to the Vaults.
 19416 | D:13     | Noticed an ironbound preserver
 19422 | D:13     | Reached skill level 15 in Armour
 19427 | D:13     | Killed an ironbound preserver
 19733 | D:13     | Noticed a centaur warrior
 19738 | D:13     | Killed a centaur warrior
 19750 | D:13     | Reached XP level 13. HP: 128/128 MP: 12/12
 20390 | D:13     | Found Yhuphuiti's Armour Emporium.
 21384 | Lair:1   | Reached skill level 16 in Fighting
 22979 | Lair:2   | Found a hole to the Spider Nest.
 23601 | Lair:2   | Found a staircase to the Swamp.
 23765 | Swamp:1  | Entered Level 1 of the Swamp
 24239 | Elf:1    | Entered Level 1 of the Elven Halls
 24507 | Spider:1 | Entered Level 1 of the Spider Nest
 24860 | Spider:1 | Reached skill level 17 in Fighting
 24872 | Spider:1 | Noticed an emperor scorpion
 24899 | Lair:2   | Killed an emperor scorpion
 24900 | Lair:2   | Reached skill level 15 in Short Blades
 25264 | Spider:1 | Noticed a spark wasp
 25274 | Spider:1 | Killed a spark wasp
 25547 | Spider:1 | HP: 4/132 [steelbarb worm (11)]
 25547 | Spider:1 | Mangled by a culicivora

Illustrated notes

Levels and vault maps discovered:
D:1:      heliophobic_arrival_dark_side_of_the_moon, layout_loops_cross
D:2:      layout_basic, basic_altar, serial_forest, infiniplex_forest_pool,
          infiniplex_forest_clump_cross, infiniplex_forest_clump_long,
          infiniplex_forest_end_2, infiniplex_forest_lined_1,
          infiniplex_forest_join, infiniplex_forest_clump_long,
          infiniplex_forest_end_double
D:3:      layout_loops_corners, mainiacjoe_overflow_boulevard,
          gammafunk_ghost_gnarly_gnolls, serial_bayou_lake_a, uniq_natasha
D:4:      layout_basic, xom_redecorated, uniq_sigmund
D:5:      layout_loops_corners, hangedman_decor_peaks_small
D:6:      layout_basic, cheibrodos_worm_habitat, lemuel_coloured_pillars_altar,
          minmay_manual_maat
D:7:      layout_rooms, mainiacjoe_overflow_alcove_2, makhleb_heckhound_becter,
          temple_pool_b
D:8:      layout_basic
D:9:      layout_loops_ring
D:10:     layout_loops_cross, david_lair_shrubbed, ebering_ghost_funeral_grove,
          billiards_dpeg, uniq_nergalle
D:11:     layout_roguey, kennysheep_orc_monster_closet_entryway
D:12:     layout_roguey, nicolae_trove_entry_crossroad
D:13:     layout_roguey, skrybe_vaults_entry_preservation, serial_shops, shop,
          hangedman_abyss_or_decor_passed
Temple:   lightli_temple_of_artemis
Lair:1:   layout_long_grid, serial_bayou_shore_a
Lair:2:   layout_small_grid, nicolae_swamp_entry_splash_gauntlet,
          spider_nest_entry_a, lemuel_old_faithful
Swamp:1:  layout_basic_swamp, evilmike_swamp_ruin_house_4
Spider:1: layout_spider_delve, portal_ice_cave_entry_ugly_swarm
Orc:1:    layout_caves
Orc:2:    st_orc_elflike, layout_diamond_mine, serial_shops,
          nicolae_shop_tiny_statue_garden, shop, shop, nicolae_shop_waterfront,
          shop_fountains, nicolae_alphabet_shops
Elf:1:    minmay_elf_arrival_summoners, layout_gridlike, evilmike_minifort,
          grunt_megastairs_1

Skill      XL: |  1  2  3  4  5  6  7  8  9 10 11 12 13 |
---------------+----------------------------------------+-----
Fighting       | 4 5 6 7 9 10 12 14 15 17 | 17.2
Axes           | 4 |  4.1
Armour         | 3 4 5 6 8 10 11 13 15 16 | 16.8
Short Blades   | 1 2 3 5 7 8 10 12 13 15 | 15.2
Dodging        | |  2.1

Action                     |  1- 3 |  4- 6 |  7- 9 | 10-12 | 13-15 || total
---------------------------+-------+-------+-------+-------+-------++-------
  Melee: Hand axe          |    60 |       |       |       |       ||    60
         Headbutt          |    12 |     3 |    46 |    96 |    82 ||   239
         Rapier            |    10 |    62 |   223 |   433 |   303 ||  1031
         Punch             |     1 |       |       |     1 |       ||     2
 Invoke: Berserk           |       |       |     3 |    20 |     6 ||    29
    Use: Potion            |     2 |       |       |       |       ||     2
         Scroll            |     1 |       |     9 |    13 |     3 ||    26
 Armour: Ring mail         |    24 |    11 |       |       |       ||    35
         Leather armour    |     1 |       |       |       |       ||     1
         Scale mail        |       |    11 |    54 |       |       ||    65
         Plate armour      |       |       |    28 |   249 |   210 ||   487
  Dodge: Dodged            |    33 |    33 |    75 |   138 |    94 ||   373
  Block: Other             |       |    13 |    39 |    30 |       ||    82
         Reflection        |       |     1 |     2 |    28 |     2 ||    33
         Kite shield       |       |       |       |   169 |   182 ||   351

Table legend: (Time is in decaauts)
 A = Elapsed time spent in this place.
 B = Non-inter-level travel time spent in this place.
 C = Inter-level travel time spent in this place.
 D = Time resting spent in this place.
 E = Time spent auto-exploring this place.
 F = Levels seen in this place.
 G = Mean time per level.
                   A        B        C        D        E       F      G
               +--------+--------+--------+--------+--------+-----+--------+
         Total |  25758 |  24812 |    946 |  10656 |  10062 |  21 | 1226.6 |
       Dungeon |  19448 |  18734 |    714 |   8146 |   8284 |  13 | 1496.0 |
        Temple |    104 |     87 |     17 |      0 |     81 |   1 |  104.0 |
          Lair |   3823 |   3701 |    122 |   2042 |   1114 |   2 | 1911.5 |
         Swamp |      1 |      1 |      0 |      0 |      0 |   1 |    1.0 |
   Spider Nest |    274 |    274 |      0 |      0 |     91 |   1 |  274.0 |
  Orcish Mines |   2099 |   2007 |     92 |    467 |    492 |   2 | 1049.5 |
   Elven Halls |      6 |      6 |      0 |      0 |      0 |   1 |    6.0 |
               +--------+--------+--------+--------+--------+-----+--------+

Top non-repeatable levels by time:
    D:11: 2821 daAuts
     D:9: 2504 daAuts
  Lair:2: 2156 daAuts
    D:10: 2067 daAuts
     D:5: 1798 daAuts
  Lair:1: 1666 daAuts
     D:8: 1514 daAuts
   Orc:2: 1437 daAuts
     D:7: 1429 daAuts
     D:3: 1333 daAuts
     D:6: 1281 daAuts
    D:13: 1276 daAuts
    D:12: 964 daAuts
     D:4: 852 daAuts
     D:2: 840 daAuts
